AoeStats
← [WKT] Conqu33ftador

Arena

508076799Analyzed
3v3 RM · 11d ago on Sep 20, 2026· 83m 50s· 6 players
Game mode
Random Map
Map size
Normal (6 player)
Population
200
Speed
Normal
Resources
Standard
Victory
Conquest
Starting age
Dark Age
Ending age
Imperial Age
RankedLock teamsTeams togetherTeam positionsShared explorationLock speedFull tech treeHidden civsTurbo modeCheats
Victory
Defeat
🇺🇸 Italians · United States
1156
+19
🇫🇷 Lithuanians · France
1156
+19
🇩🇪 Ethiopians · Germany
1127
+20
🇮🇳 Vikings · India
1276
-21
🇮🇳 Mongols · India
1229
-20
🇮🇳 Malay · India
1155
-17
[WKT] Pastisor
10:35 Feudal Age
14:30 Castle Age
12:27 Double-Bit Axe
12:22 Horse Collar
15:30 Bow Saw
18:25 Loom
19:21 Wheelbarrow
21:33 Heavy Plow
23:12 Town Watch
24:39 Stone Mining
24:43 Gold Mining
25:44 Scale Mail Armor
28:24 Imperial Age
26:14 Hand Cart
26:42 Ballistics
26:16 Fletching
27:56 Bodkin Arrow
28:02 Padded Archer Armor
29:17 Bracer
29:33 Leather Archer Armor
29:52 Thumb Ring
31:54 Ring Archer Armor
32:43 Silk Road
31:59 Elite Genoese Crossbowman
32:24 Pikeman
33:07 Squires
33:24 Chain Mail Armor
33:20 Forging
35:33 Plate Mail Armor
36:34 Chemistry
40:01 Silk Road
40:41 Light Cavalry
41:32 Bloodlines
41:22 Husbandry
41:30 Scale Barding Armor
42:41 Iron Casting
41:29 Hussar
47:41 Caravan
50:40 Capped Ram
57:30 Coinage
58:08 Chain Barding Armor
61:38 Plate Barding Armor
63:18 Blast Furnace
64:40 Crop Rotation
70:25 Crossbowman
[WKT] Conqu33ftador
10:05 Feudal Age
11:01 Double-Bit Axe
13:52 Castle Age
15:23 Bow Saw
16:37 Stone Mining
18:14 Horse Collar
23:11 Wheelbarrow
22:48 Gold Mining
23:15 Loom
23:16 Crossbowman
33:42 Fletching
48:54 Imperial Age
48:52 Thumb Ring
50:45 Bodkin Arrow
51:23 Arbalester
52:59 Caravan
54:21 Ballistics
53:52 Elite Skirmisher
57:03 Chemistry
56:18 Bracer
58:08 Padded Archer Armor
58:11 Scale Mail Armor
58:42 Town Watch
59:14 Hand Cart
59:47 Halberdier
60:28 Squires
72:05 Coinage
77:48 Siege Engineers
80:48 Leather Archer Armor
80:48 Chain Mail Armor
80:44 Forging
[WKT] Olam
10:57 Feudal Age
11:41 Feudal Age
12:34 Double-Bit Axe
12:45 Horse Collar
15:22 Castle Age
16:23 Bloodlines
18:31 Light Cavalry
19:50 Fervor
22:59 Wheelbarrow
26:12 Husbandry
32:03 Imperial Age
32:11 Imperial Age
29:58 Hand Cart
29:28 Loom
29:28 Town Watch
31:23 Scale Barding Armor
31:48 Forging
32:24 Chain Barding Armor
33:15 Iron Casting
32:22 Cavalier
33:05 Gold Mining
33:05 Stone Mining
34:19 Paladin
37:12 Fletching
37:22 Padded Archer Armor
38:01 Plate Barding Armor
37:20 Fletching
37:56 Elite Skirmisher
39:51 Leather Archer Armor
39:31 Bodkin Arrow
39:43 Thumb Ring
40:22 Bracer
43:38 Chemistry
44:43 Bow Saw
45:13 Ring Archer Armor
45:12 Ballistics
45:02 Tower Shields
49:46 Murder Holes
50:59 Thumb Ring
52:09 Caravan
52:50 Masonry
52:55 Fortified Wall
57:23 Two-Man Saw
56:27 Heavy Plow
57:41 Coinage
63:11 Town Patrol
64:50 Crop Rotation
80:14 Winged Hussar
Kalculus.Billi
0:26 Loom
9:40 Feudal Age
16:35 Castle Age
15:04 Double-Bit Axe
15:00 Horse Collar
17:20 Bow Saw
17:21 Heavy Plow
19:23 Loom
22:38 Gold Mining
22:38 Stone Mining
24:41 Gold Shaft Mining
24:49 Stone Shaft Mining
25:07 Wheelbarrow
26:03 Hand Cart
30:37 Imperial Age
28:35 Scale Barding Armor
28:40 Forging
29:36 Town Watch
29:39 Elite Battle Elephant
30:22 Husbandry
31:08 Conscription
31:40 Crop Rotation
31:53 Iron Casting
31:24 Town Patrol
33:05 Ballistics
33:49 Chemistry
33:44 Ballistics
33:07 Treadmill Crane
33:23 Murder Holes
33:42 Masonry
36:11 Forced Levy
37:25 Blast Furnace
36:15 Fletching
36:51 Squires
36:13 Man-at-Arms
36:38 Arson
37:26 Long Swordsman
38:57 Elite Skirmisher
39:42 Thumb Ring
41:40 Bodkin Arrow
41:45 Padded Archer Armor
49:43 Leather Archer Armor
49:41 Bracer
60:00 Capped Ram
67:56 Pikeman
69:20 Halberdier
Lurker
7:14 Loom
9:28 Feudal Age
11:19 Feudal Age
15:07 Castle Age
13:25 Double-Bit Axe
13:22 Horse Collar
23:36 Squires
23:47 Scale Mail Armor
27:27 Bow Saw
28:33 Arson
29:00 Forging
30:12 Heavy Plow
32:17 Chain Mail Armor
34:42 Imperial Age
34:00 Town Watch
34:58 Gold Mining
35:23 Chieftains
35:44 Conscription
37:48 Gold Shaft Mining
37:02 Elite Berserk
39:32 Iron Casting
39:30 Plate Mail Armor
41:06 Town Patrol
45:42 Stone Mining
47:35 Hoardings
50:05 Iron Casting
51:20 Light Cavalry
53:35 Capped Ram
55:06 Fletching
56:17 Blast Furnace
55:09 Fletching
55:02 Siege Ram
56:38 Crop Rotation
57:18 Two-Man Saw
57:48 Scale Barding Armor
64:52 Caravan
65:24 Coinage
70:00 Banking
72:52 Bodkin Arrow
72:57 Padded Archer Armor
73:07 Elite Skirmisher
73:49 Bracer
73:42 Pikeman
75:50 Leather Archer Armor
77:25 Ring Archer Armor
77:27 Chain Barding Armor
77:32 Ballistics
78:12 Chemistry
bamboe
10:29 Feudal Age
14:48 Castle Age
12:44 Double-Bit Axe
18:42 Wheelbarrow
18:20 Bow Saw
18:06 Horse Collar
18:45 Loom
22:50 Heavy Plow
30:11 Imperial Age
27:48 Gold Mining
27:50 Stone Mining
29:07 Stone Shaft Mining
29:08 Gold Shaft Mining
28:39 Fletching
29:17 Husbandry
31:13 Conscription
30:56 Bodkin Arrow
31:02 Padded Archer Armor
31:50 Bracer
33:04 Hand Cart
33:10 Leather Archer Armor
33:55 Ballistics
35:50 Chemistry
35:19 Scale Barding Armor
35:13 Murder Holes
36:08 Bloodlines
35:20 Elite Steppe Lancer
36:40 Elite Mangudai
37:30 Town Watch
39:07 Hoardings
40:05 Man-at-Arms
40:45 Squires
40:35 Arson
40:42 Long Swordsman
41:38 Two-Handed Swordsman
42:17 Champion
43:08 Siege Engineers
43:15 Fortified Wall
43:07 Scale Mail Armor
43:17 Forging
45:26 Chain Mail Armor
45:46 Iron Casting
47:37 Plate Mail Armor
49:05 Blast Furnace
50:12 Elite Skirmisher
51:17 Chain Barding Armor
60:17 Capped Ram
61:20 Siege Ram
64:52 Caravan
68:23 Drill
71:58 Pikeman
Connection lost

Rejoining the realm…

Still unreachable

The connection could not be restored.

Session expired

The server has moved on; the page needs a fresh start.